 Dungeon Crawl Stone Soup version 0.28.0-49-g6dfe1f597d (webtiles) character file.

Game seed: 5251096324995165289

3340 Kniotic the Martial Artist (level 9, -11/59 HPs)
             Began as a Demonspawn Transmuter on May 10, 2022.
             Was a Believer of Okawaru.
             Killed from afar by a steam dragon (27 damage)
             ... with a ball of steam
             ... on level 8 of the Dungeon.
             The game lasted 00:14:56 (9994 turns).

Kniotic the Martial Artist (Demonspawn Transmuter)  Turns: 9994, Time: 00:14:56

Health: -11/59     AC: -1    Str: 16    XL:     9   Next: 72%
Magic:  0/12       EV: 14    Int: 20    God:    Okawaru [**....]
Gold:   360        SH:  0    Dex: 20    Spells: 9/12 levels left

rFire   . . .      SeeInvis +   t - +11 dagger "Pakiuq" {protect, rCorr Int+4 Dex+3 SInv}
rCold   . . .      Faith    .   (no shield)
rNeg    . . .      Spirit   +   a - +0 robe
rPois   .          Reflect  .   b - +0 helmet
rElec   .          Harm     .   (no cloak)
rCorr   +          Rampage  .   g - +1 pair of gloves
Will    .....                   (no boots)
Stlth   ++........              x - amulet of guardian spirit
HPRegen 0.19/turn               y - +6 ring of strength
MPRegen 0.13/turn               (no ring)

@: corroded
A: molten scales 1, condensation shield, weakness stinger 2
a: Renounce Religion, Heroism


You were on level 8 of the Dungeon.
You worshipped Okawaru.
Okawaru was pleased with you.
You visited 2 branches of the dungeon, and saw 9 of its levels.
You also visited: Bailey.

You collected 549 gold pieces.
You spent 189 gold pieces at shops.

Inventory:

Hand Weapons
 t - the +11 dagger "Pakiuq" (weapon) {protect, rCorr Int+4 Dex+3 SInv}
   (You bought it in a shop on level 5 of the Dungeon)

   It grants its wielder temporary protection when it strikes (+7 to AC).
   Int:       It affects your intelligence (+4).
   Dex:       It affects your dexterity (+3).
   SInv:      It lets you see invisible.
   rCorr:     It protects you from acid and corrosion.
Armour
 a - a +0 robe (worn)
 b - a +0 helmet (worn)
 g - a +1 pair of gloves (worn)
Jewellery
 x - an amulet of guardian spirit (around neck)
 y - a +6 ring of strength (left hand)
 B - a ring of fire
Wands
 r - a wand of iceblast (9)
 v - a wand of polymorph (7)
Scrolls
 c - a scroll of teleportation
 d - 3 scrolls of identify
 h - a scroll of enchant weapon
 i - 2 scrolls of noise {unknown}
 j - a scroll of fear {unknown}
 l - 2 scrolls of enchant armour
 o - a scroll of amnesia
 p - a scroll of brand weapon {unknown}
 u - a scroll of acquirement {unknown}
 w - a scroll of blinking {unknown}
 z - 2 scrolls of summoning {unknown}
 C - a scroll of immolation {unknown}
Potions
 e - 2 potions of might
 f - a potion of mutation
 k - a potion of attraction
 n - 2 potions of magic
 q - a potion of degeneration
 s - a potion of flight


   Skills:
 - Level 1.0 Fighting
 * Level 4.1 Dodging
 - Level 10.1 Unarmed Combat
 - Level 2.0 Spellcasting
 + Level 7.5 Transmutations


You had 9 spell levels left.
You knew the following spells:

 Your Spells              Type           Power      Damage    Failure   Level
a - Beastly Appendage     Tmut           64%        N/A       1%          1
b - Wereblood             Tmut           32%        N/A       1%          2

Your spell library contained the following spells:

 Spells                   Type           Power      Damage    Failure   Level
 Spider Form              Tmut/Pois      17%        N/A       10%         3
 Freeze                   Ice            8%         1d3       16%         1
 Ice Form                 Ice/Tmut       17%        N/A       32%         4
 Frozen Ramparts          Ice            4%         1d2       43%         3
 Gell's Gravitas          Tloc           2%         N/A       43%         3
 Lesser Beckoning         Tloc           2%         N/A       43%         3
 Ozocubu's Armour         Ice            2%         N/A       43%         3
 Teleport Other           Tloc           2%         N/A       43%         3
 Airstrike                Air            1%         N/A       83%         4
 Anguish                  Hex/Necr       1%         N/A       83%         4
 Hailstorm                Conj/Ice       2%         3d3       83%         4
 Leda's Liquefaction      Hex/Erth       1%         N/A       83%         4
 Fireball                 Conj/Fire      1%         3d3       99%         5
 Iskenderun's Battlesphe  Conj           2%         2d6       99%         5
 Lee's Rapid Deconstruct  Erth           1%         3d5*      99%         5
 Lightning Bolt           Conj/Air       1%         1d12      99%         5
 Statue Form              Tmut/Erth      11%        N/A       99%         6
 Conjure Ball Lightning   Conj/Air       1%         3x3d6     100%        6
 Starburst                Conj/Fire      1%         6d3       100%        6
 Enfeeble                 Hex            1%         N/A       100%        7
 Orb of Destruction       Conj           1%         9d5       100%        7
 Ozocubu's Refrigeration  Ice            1%         4d5       100%        7
 Ignition                 Fire           1%         3d3       100%        8
 Tukima's Dance           Hex            Unusable   N/A       N/A         3
 Summon Lightning Spire   Summ/Air       Unusable   N/A       N/A         4

Dungeon Overview and Level Annotations

Branches:
Dungeon (8/15)             Temple (1/1) D:7          Bailey (visited)
   Lair: D:8-11

Altars:
Ashenzari
Cheibriados
Dithmenos
Elyvilon
Fedhas
Kikubaaqudgha
Nemelex Xobeh
Okawaru
Qazlal
Ru
Sif Muna
Uskayaw
Xom
Yredelemnul
Zin

Shops:
D:5 (


Innate Abilities, Weirdness & Mutations

You are partially covered in molten scales. (AC +2)
A meltable shield of frost defends you. (SH +0)
You have a tail ending in a sharp stinger.


Message History

The steam dragon is moderately wounded.
The steam dragon bites you!
* * * LOW HITPOINT WARNING * * *
The steam dragon claws you.
* * * LOW HITPOINT WARNING * * *
You feel much better. The steam dragon barely misses you.
The steam dragon closely misses you.
You hit the steam dragon.
Your tail-slap misses the steam dragon.
The steam dragon is moderately wounded.
The steam dragon breathes steam at you. The ball of steam misses you.
You hit the steam dragon but do no damage.
The steam dragon is moderately wounded.
The steam dragon closely misses you. The steam dragon barely misses you.
You hit the steam dragon.
You tail-slap the steam dragon, but do no damage.
You punch the steam dragon, but do no damage.
The steam dragon is moderately wounded.
The steam dragon breathes steam at you. The ball of steam hits you!
* * * LOW HITPOINT WARNING * * *
You closely miss the steam dragon.
The steam dragon is moderately wounded.
You are engulfed in a cloud of scalding steam.
The steam dragon misses you. x2
The steam dragon barely misses you. The steam dragon completely misses you.
You see here a scroll of identify.
You closely miss the steam dragon. You punch the steam dragon.
The steam dragon is heavily wounded.
The steam dragon barely misses you.
The steam dragon claws you but does no damage.
You closely miss the steam dragon.
The steam dragon is heavily wounded.
The steam dragon bites you!
* * * LOW HITPOINT WARNING * * *
The steam dragon closely misses you.
You feel better. The steam dragon breathes steam at you.
The ball of steam hits you!!
You die...

#.... .###+###.....
#.......#...........
#.. ....+...........
#.. #.. #.(.........
#..##.###...........
#...#..#....[..#####
#+#.ยง..........#
######.D.#.#.#.#....#
.........@...........#
...$......#.#.#.#.####
..................#
#######...#.#.#.#.#
#...........#
#...#.#.#.#.#
##..........#
#...########


You could see a steam dragon (catching breath).

Vanquished Creatures
  Psyche (D:8)
  A shadow (D:7)
  Menkaure (D:6)
  A water moccasin (D:6)
  Pargi (D:3)
  3 ice beasts
  5 orc warriors
  A necrophage (D:6)
  An ogre (D:5)
  A sky beast (D:8)
  3 centaurs
  An elf skeleton (D:7)
  4 scorpions
  2 water moccasin skeletons (D:6)
  5 howler monkeys
  A centaur skeleton (D:4)
  2 centaur zombies
  A bullfrog zombie (D:7)
  5 hounds
  2 jellies
  2 orc priests
  A gnoll shaman (D:7)
  2 human zombies (D:7)
  2 iguanas (D:6)
  An orc wizard (D:4)
  2 human skeletons (D:7)
  A hound skeleton (D:4)
  2 howler monkey zombies
  7 gnolls
  A howler monkey skeleton (D:7)
  3 adders
  A shadow imp (D:7)
  2 white imps (D:6)
  An adder skeleton (D:4)
  A worm (D:5)
  3 dart slugs
  39 orcs
  3 bats
  4 endoplasms
  A giant cockroach (D:4)
  7 goblins
  6 hobgoblins
  14 jackals
  4 quokkas
  6 ball pythons
  2 frilled lizards (D:1)
  6 kobolds
  An orc skeleton (D:7)
  6 rats
173 creatures vanquished.

Notes
Turn   | Place    | Note
-------+----------+-------------------------------------------
     0 | D:1      | Kniotic the Demonspawn Transmuter began the quest for the
                  | Orb.
     0 | D:1      | Reached XP level 1. HP: 15/15 MP: 3/3
   155 | D:1      | Reached skill level 3 in Unarmed Combat
   160 | D:1      | Gained mutation: You have a small tail. [demonic ancestry]
   160 | D:1      | Reached XP level 2. HP: 21/21 MP: 3/5
   948 | D:1      | Reached XP level 3. HP: 26/26 MP: 6/6
  1382 | D:2      | Found a faded altar of an unknown god.
  1985 | D:2      | Reached skill level 4 in Unarmed Combat
  1985 | D:2      | Gained mutation: You have a tail ending in a sharp stinger.
                  | [demonic ancestry]
  1985 | D:2      | Reached XP level 4. HP: 7/32 MP: 7/7
  2756 | D:3      | Noticed Pargi
  2764 | D:3      | Killed Pargi
  2765 | D:3      | Gained mutation: You are partially covered in molten
                  | scales. (AC +2) [demonic ancestry]
  2765 | D:3      | Reached XP level 5. HP: 27/37 MP: 6/8
  3180 | D:4      | Learned a level 2 spell: Wereblood
  3221 | D:4      | Reached skill level 5 in Unarmed Combat
  3293 | D:4      | Reached XP level 6. HP: 8/43 MP: 7/9
  3319 | D:5      | Entered Level 5 of the Dungeon
  4669 | D:5      | Reached skill level 6 in Unarmed Combat
  4836 | D:5      | Noticed an ice beast
  4856 | D:5      | Killed an ice beast
  4857 | D:5      | Reached XP level 7. HP: 48/48 MP: 8/10
  4985 | D:5      | Found Nongamunk's Antique Weapon Shop.
  4991 | D:5      | Bought a crude dagger for 189 gold pieces
  4991 | D:5      | Identified the +11 dagger "Pakiuq" {protect, rCorr Int+4
                  | Dex+3 SInv} (You bought it in a shop on level 5 of the
                  | Dungeon)
  5541 | D:5      | Reached skill level 7 in Unarmed Combat
  5860 | D:6      | Reached skill level 5 in Transmutations
  6003 | D:6      | Gained mutation: A meltable shield of frost defends you.
                  | (SH +0) [demonic ancestry]
  6003 | D:6      | Reached XP level 8. HP: 40/54 MP: 11/11
  6116 | D:6      | Found a snail-covered altar of Cheibriados.
  6309 | D:6      | Reached skill level 8 in Unarmed Combat
  6680 | D:6      | Noticed Menkaure
  6686 | D:6      | Killed Menkaure
  6997 | D:7      | Found a flagged portal.
  6999 | D:7      | Found a staircase to the Ecumenical Temple.
  7018 | Temple   | Entered the Ecumenical Temple
  7147 | Temple   | Became a worshipper of Warmaster Okawaru
  7191 | Bailey   | Entered a bailey
  7294 | Bailey   | Noticed an orc knight
  7491 | Bailey   | Reached skill level 9 in Unarmed Combat
  7497 | Bailey   | HP: 1/54 [orc warrior/+0 glaive (15)]
  7518 | Bailey   | Noticed an orc knight
  7908 | Bailey   | HP: 2/54 [orc knight/+0 halberd (14)]
  8234 | D:7      | Reached XP level 9. HP: 33/59 MP: 6/12
  8264 | D:7      | Reached * piety under Okawaru
  8679 | D:7      | Found a shimmering altar of Xom.
  9157 | D:7      | Found a stormy altar of Qazlal.
  9166 | D:7      | Reached skill level 10 in Unarmed Combat
  9632 | D:8      | Found a sacrificial altar of Ru.
  9632 | D:8      | Found a hide-covered altar of Uskayaw.
  9660 | D:8      | Noticed Psyche
  9675 | D:8      | Killed Psyche
  9675 | D:8      | Reached ** piety under Okawaru
  9994 | D:8      | Killed from afar by a steam dragon

Illustrated notes

Levels and vault maps discovered:
D:1:      amcnicky_arrival_blooded_trapdoor, layout_basic, amethyst_killhole,
          minmay_tetromino_o4
D:2:      layout_rooms, ebering_ecumenical_altar_sacrificial
D:3:      layout_loops_ring, overflow_temple_1_default, minmay_misc_feat_iff,
          uniq_pargi
D:4:      layout_gridville
D:5:      layout_loops_ring, serial_shops, nicolae_shop_hallway_stairs
D:6:      layout_gridville, mainiacjoe_overflow_chevrons, abandoned_shop,
          uniq_menkaure
D:7:      layout_cave_pods, nicolae_qazlal_eye_of_the_storm,
          mainiacjoe_overflow_24_doors, minmay_temple_entry_slanted,
          nicolae_ossuary_entry_catacombs, enter_bailey_2
D:8:      layout_gridville, chequers_temple_overflow_statue_of_worship,
          serial_co_window_serial, co_window_corner_a, co_window_paths_a,
          co_window_of_opportunity_a, co_window_paths_a, co_window_corner_a,
          co_window_paths_b, co_window_paths_a, co_window_paths_a,
          co_window_paths_a, co_window_corner_b, co_window_broadway_a,
          co_window_of_opportunity_c, co_window_paths_c, co_window_broadway_a,
          glass_columns_c, glass_columns_c, glass_columns_a, glass_columns_c,
          glass_columns_c, uniq_psyche
Temple:   regret_index_temple_sphere_string

Skill      XL: |  1  2  3  4  5  6  7  8  9 |
---------------+----------------------------+-----
Unarmed Combat | 3 4 5 6 7 9 10 | 10.1
Transmutations | 2 3 4 5 6 7 |  7.5
Dodging        | 4 |  4.1
Fighting       | |  1.0
Spellcasting   | |  2.0

Action                   |  1- 3 |  4- 6 |  7- 9 || total
-------------------------+-------+-------+-------++-------
Melee: Unarmed           |   143 |   122 |   284 ||   549
       Kick              |     6 |    14 |    54 ||    74
       Headbutt          |     6 |    17 |    28 ||    51
       Tailslap          |    11 |    19 |    55 ||    85
       Punch             |     3 |     6 |    25 ||    34
       Dagger            |       |       |    62 ||    62
 Cast: Beastly Appendage |     5 |    10 |    16 ||    31
       Wereblood         |       |     1 |     8 ||     9
Evoke: Wand              |       |       |     5 ||     5
  Use: Potion            |       |     1 |     3 ||     4
       Scroll            |       |       |    12 ||    12
 Stab: Sleeping          |       |     1 |     5 ||     6
Armor: Robe              |    33 |    35 |    75 ||   143
Dodge: Dodged            |    96 |    66 |   198 ||   360
Block: Other             |       |       |    39 ||    39
